 Dungeon Crawl Stone Soup version 0.19.5 (webtiles) character file.

115 Everybody the Changer (level 4, 0/35 HPs)
             Began as a Demigod Transmuter on May 13, 2017.
             Slain by an orc
             ... wielding a +0 hand axe
              (3 damage)
             ... on level 3 of the Dungeon.
             The game lasted 00:04:42 (3406 turns).

Everybody the Changer (Demigod Transmuter)          Turns: 3406, Time: 00:04:43

Health: 0/35       AC:  3    Str: 13    XL:     4   Next: 41%
Magic:  9/9        EV: 13    Int: 19    God:
Gold:   176        SH:  0    Dex: 16    Spells: 1 memorised, 6 levels left

rFire  . . .     SeeInvis .       - Unarmed
rCold  . . .     Gourm    .     b - +0 robe
rNeg   . . .     Faith    .     (no shield)
rPois  .         Spirit   .     (no helmet)
rElec  .         Reflect  .     (no cloak)
rCorr  .         Harm     .     (no gloves)
MR     .....                    m - +0 pair of boots
Stlth  +.........               (no amulet)
                                (no ring)
                                (no ring)

@: no status effects
A: high mp 1
a: no special abilities


You were on level 3 of the Dungeon.
You were not hungry.

You visited 1 branch of the dungeon, and saw 3 of its levels.

You collected 176 gold pieces.

Inventory:

Hand Weapons
 o - a +0 whip
 p - a +0 dagger of venom
Missiles
 a - 32 arrows
Armour
 b - a +0 robe (worn)
 m - a +0 pair of boots (worn)
Jewellery
 w - a +3 ring of slaying {unknown}
Wands
 s - a wand of polymorph (13/24)
Scrolls
 g - a scroll of enchant armour
 j - 4 scrolls of identify
 q - a scroll of teleportation
Potions
 i - a potion of resistance {unknown}
 k - a potion of magic
 l - a potion of cure mutation {unknown}
 n - a potion of lignification {unknown}
 t - a potion of degeneration {unknown}
 u - a potion of flight {unknown}
 v - a potion of cancellation
Books
 c - a book of Changes

   Spells                             Type                      Level
   a - Beastly Appendage              Transmutation                1
   b - Sticks to Snakes               Transmutation                2
   c - Spider Form                    Transmutation/Poison         3
   d - Ice Form                       Ice/Transmutation            4
   e - Blade Hands                    Transmutation                5
Comestibles
 d - 2 bread rations
 h - a royal jelly
 r - 2 meat rations


   Skills:
 + Level 1.2 Fighting
 + Level 2.1 Dodging
 * Level 3.3 Unarmed Combat
 + Level 2.1 Spellcasting
 * Level 3.4 Transmutations


You had 6 spell levels left.
You knew the following spells:

 Your Spells              Type           Power        Failure   Level  Hunger
a - Beastly Appendage     Tmut           ###...       6%          1    #......


Dungeon Overview and Level Annotations

Branches:
Dungeon (3/15)


Innate Abilities, Weirdness & Mutations

You have an increased reservoir of magic. (+10% MP)


Message History

g - a scroll of enchant armour The bat barely misses you.
The orc completely misses you.
The orc priest hits you but does no damage.
As you read the scroll labeled FOT QYMATECE, it crumbles to dust.
You feel strangely unstable.
It was a scroll of teleportation.
Your transformation is almost over.
The orc completely misses you.
The orc priest calls down the wrath of Beogh upon you.
Beogh smites you!
* * * LOW HITPOINT WARNING * * *
The bat closely misses you. The orc priest barely misses you.
It was a potion of cancellation.
You feel strangely stable.
Your magical effects are unravelling.
You feel magically purged.
Your horns disappear.
The bat completely misses you. The bat closely misses you.
The orc priest looks braver for a moment.
The orc hits you with a hand axe.
You die...

#......<......###
#...........### #
#...........#####
########..##..###.....#
#............## *#..#.#
#..........### ##....
#..........# #.....
*#####b..### #.....
#@o## #.....
*#o##*******##.....
****#oJo,,,,,,,,.......
*,,.....#*******##.....
*,......# #.....
*,......#** #.....
*........,**** #.....
#.......#,,,,****######
*,,,,,,,****,,,,,,,****


You could see 2 orc priests, an ooze, 2 orcs and a bat.

Vanquished Creatures
  An orc priest (D:3)
  4 adders
  A worm (D:2)
  An orc (D:2)
  A giant cockroach (D:2)
  7 goblins
  2 hobgoblins
  4 quokkas (D:2)
  A ball python (D:3)
  6 bats
  3 frilled lizards
  10 kobolds
  7 rats
48 creatures vanquished.

Notes
Turn   | Place    | Note
-------+----------+-------------------------------------------
     0 | D:1      | Everybody the Demigod Transmuter began the quest for the Orb.
     0 | D:1      | Reached XP level 1. HP: 15/15 MP: 5/5
  1529 | D:2      | Reached skill level 1 in Fighting
  1529 | D:2      | Reached XP level 2. HP: 23/23 MP: 7/7
  1976 | D:2      | Found a snail-covered altar of Cheibriados.
  2042 | D:2      | Reached XP level 3. HP: 7/28 MP: 8/8
  3342 | D:3      | Reached XP level 4. HP: 31/35 MP: 7/9
  3406 | D:3      | Slain by an orc

Skill      XL: |  1  2  3 |
---------------+----------+-----
Transmutations | 2 3 |  3.4
Fighting       | 1 |  1.2
Unarmed Combat | 3 |  3.3
Spellcasting   | 2 |  2.1
Dodging        | 2 |  2.1

Action                   |  1- 3 |  4- 6 || total
-------------------------+-------+-------++-------
Melee: Whip              |    58 |       ||    58
       Unarmed           |    84 |     7 ||    91
       Headbutt          |    23 |       ||    23
       Dagger            |    17 |       ||    17
       Punch             |     2 |       ||     2
 Cast: Beastly Appendage |    26 |     2 ||    28
  Use: Potion            |     2 |     1 ||     3
       Scroll            |       |     4 ||     4
 Stab: Sleeping          |     2 |       ||     2
  Eat: Chunk             |     8 |       ||     8
Armor: Robe              |    35 |     5 ||    40
Dodge: Dodged            |   100 |    22 ||   122
